 Dungeon Crawl Stone Soup version 0.24.0-125-gc4c63601f3 (webtiles) character file.

Game seed: 18335909603843472126, levelgen mode: deterministic

771 Akano the Cleaver (level 7, -10/60 HPs)
             Began as a Minotaur Fighter on Mar 20, 2020.
             Mangled by Duvessa
             ... wielding a +3 short sword of draining
              (15 damage)
             ... on level 4 of the Dungeon.
             The game lasted 00:11:59 (3248 turns).

Akano the Cleaver (Minotaur Fighter)                Turns: 3248, Time: 00:12:03

Health: -10/60     AC:  7    Str: 22    XL:     7   Next: 53%
Magic:  6/6        EV:  7    Int:  5    God:
Gold:   96         SH:  8    Dex: 10    Spells: 6/6 levels left

rFire    . . .     SeeInvis .   a - +0 war axe
rCold    . . .     Gourm    .   c - +0 shield
rNeg     . . .     Faith    .   b - +0 scale mail
rPois    .         Spirit   .   (helmet restricted)
rElec    .         Reflect  .   m - +0 cloak
rCorr    .         Harm     .   (no gloves)
MR       .....                  (no boots)
Stlth    ..........             (no amulet)
HPRegen  0.20/turn              (no ring)
MPRegen  0.10/turn              (no ring)

@: glowing, heavily drained
A: retaliatory headbutt, horns 2
a: no special abilities


You were on level 4 of the Dungeon.
You were hungry.

You visited 1 branch of the dungeon, and saw 4 of its levels.

You collected 96 gold pieces.

Inventory:

Hand Weapons
 a - a +0 war axe (weapon)
 y - a +1 vampiric whip
 A - a +0 club
Missiles
 h - 40 arrows
 n - 11 bolts
Armour
 b - a +0 scale mail (worn)
 c - a +0 shield (worn)
 m - a +0 cloak (worn)
 B - a +0 helmet
Jewellery
 l - an uncursed ring of resist corrosion {unknown}
Wands
 p - a wand of enslavement (5)
 z - a wand of acid (10)
Scrolls
 i - 7 scrolls of identify {unknown}
 j - a scroll of blinking {unknown}
 k - 2 scrolls of immolation {unknown}
 o - a scroll of fear {unknown}
 r - a scroll of random uselessness {unknown}
 w - a scroll of magic mapping {unknown}
 C - a scroll of teleportation {unknown}
Potions
 d - a potion of might
 e - 2 potions of ambrosia {unknown}
 g - 2 potions of haste {unknown}
 q - a potion of resistance {unknown}
 s - a potion of brilliance {unknown}
 t - 3 potions of heal wounds {unknown}
 u - a potion of agility {unknown}
 v - a potion of lignification {unknown}
 x - a potion of curing {unknown}
Comestibles
 f - 5 rations


   Skills:
 + Level 4.8(2.8) Fighting
 * Level 8.1(5.9) Axes
 + Level 5.0(3.0) Armour
 * Level 3.7(1.8) Dodging
 + Level 0.2(0.0) Stealth
 - Level 3.6(1.7) Shields


You had 6 spell levels left.
You didn't know any spells.
Your spell library was empty.

Dungeon Overview and Level Annotations

Branches:
Dungeon (4/15)             Temple (0/1) D:4

Altars:
Nemelex Xobeh

Annotations:
D:4 Duvessa


Innate Abilities, Weirdness & Mutations

You reflexively headbutt those who attack you in melee.
You have a pair of horns on your head.


Message History

You slash Dowan!
You kill Dowan!
Duvessa weeps, then rights herself and shakes her weapon.
Your base Axes skill increases to level 8!
Your base Armour skill increases to level 5!
You hit Duvessa. You block Duvessa's attack.
You slash Duvessa! You headbutt Duvessa, but do no damage.
Duvessa is moderately wounded.
Duvessa hits you but does no damage.
You feel drained.
Duvessa hits you with a +3 short sword of draining.
You feel drained.
Unknown command.
You slash Duvessa!
Duvessa is heavily wounded.
Duvessa hits you with a +3 short sword of draining!
* * * LOW HITPOINT WARNING * * *
You feel drained.
* * * LOW HITPOINT WARNING * * *
Duvessa hits you with a +3 short sword of draining!
You die...

.#..#
#.........########..
##..## ##....##...#
รท)...####..(.####..#####
.)#...##..).## .......
####.......## ##.......
###.....# #........
##...## ##........
##..#####..)......
##.....##..@e:....#
##...............###
##...####.......###
###...## ###....##
##...### #...## #...##
##..# ...## ##.# .### #.#
## ..


You could see Duvessa (berserk).

Vanquished Creatures
  A phantom (D:4)
  2 ogres (D:4)
  A bullfrog (D:3)
  A scorpion (D:4)
  Dowan (D:4)
  A hound (D:4)
  An orc wizard (D:3)
  An orc priest (D:4)
  Crazy Yiuf (D:3)
  A centaur skeleton (D:4)
  A worker ant (D:4)
  Robin (D:4)
  7 adders
  An adder skeleton (D:4)
  2 worms (D:3)
  2 dart slugs (D:3)
  A leopard gecko (D:4)
  11 orcs
  11 bats
  3 giant cockroaches
  14 goblins
  9 hobgoblins
  7 jackals
  9 kobolds
  3 quokkas
  5 frilled lizards
  7 rats
105 creatures vanquished.

Notes
Turn   | Place    | Note
-------+----------+-------------------------------------------
     0 | D:1      | Akano the Minotaur Fighter began the quest for the Orb.
     0 | D:1      | Reached XP level 1. HP: 19/19 MP: 0/0
     2 | D:1      | Noticed an elf
     2 | D:1      | Noticed a minotaur
     4 | D:1      | Noticed a tengu
     4 | D:1      | Noticed a felid
     6 | D:1      | Noticed a vine stalker
     6 | D:1      | Noticed an ogre
     8 | D:1      | Noticed a demigod
     8 | D:1      | Noticed a human
    10 | D:1      | Noticed a centaur
    12 | D:1      | Noticed a gargoyle
    12 | D:1      | Noticed a draconian
    14 | D:1      | Noticed a merfolk
    16 | D:1      | Noticed a dwarf
    16 | D:1      | Noticed a formicid
    18 | D:1      | Noticed an octopode
    20 | D:1      | Noticed a halfling
    22 | D:1      | Noticed a demonspawn
    22 | D:1      | Noticed a spriggan
    24 | D:1      | Noticed a naga
    24 | D:1      | Noticed a vampire
    26 | D:1      | Noticed a ghoul
    26 | D:1      | Noticed a troll
   155 | D:1      | Reached XP level 2. HP: 26/27 MP: 1/1
   457 | D:1      | Reached skill level 1 in Dodging
   517 | D:1      | Reached skill level 3 in Axes
   564 | D:1      | Found a sparkling altar of Nemelex Xobeh.
   908 | D:2      | Reached XP level 3. HP: 33/33 MP: 2/2
  1820 | D:3      | Reached XP level 4. HP: 39/40 MP: 3/3
  1822 | D:3      | Reached skill level 4 in Axes
  2041 | D:3      | Noticed a bullfrog
  2058 | D:3      | Killed a bullfrog
  2058 | D:3      | Reached skill level 5 in Axes
  2058 | D:3      | Reached XP level 5. HP: 17/46 MP: 4/4
  2437 | D:3      | Found a runed translucent door.
  2440 | D:3      | Noticed Crazy Yiuf
  2447 | D:3      | Killed Crazy Yiuf
  2674 | D:4      | Reached skill level 6 in Axes
  2674 | D:4      | Reached XP level 6. HP: 50/52 MP: 5/5
  2854 | D:4      | Noticed Robin
  2860 | D:4      | Killed Robin
  2891 | D:4      | Reached skill level 7 in Axes
  2891 | D:4      | Reached XP level 7. HP: 26/60 MP: 6/6
  2944 | D:4      | Found a staircase to the Ecumenical Temple.
  3237 | D:4      | Noticed Dowan
  3238 | D:4      | Noticed Duvessa
  3246 | D:4      | Killed Dowan
  3246 | D:4      | Reached skill level 8 in Axes
  3246 | D:4      | Reached skill level 5 in Armour
  3248 | D:4      | Mangled by Duvessa

Levels and vault maps discovered:
D:1:      kb_arrival_jail, layout_basic, serial_forest,
          infiniplex_forest_clump_small, infiniplex_forest_lined_room_3,
          infiniplex_forest_lined_3, infiniplex_forest_end_1,
          infiniplex_forest_straight_1, nemelex_xobeh_ov_fountains_minmay
D:2:      layout_loops_ring, first_ration, hangedman_decor_opposing
D:3:      minmay_angry_zag, layout_rooms, dk_noncrumbling_2,
          uniq_crazy_yiuf_cottage
D:4:      layout_layer_cave, minmay_temple_entry_tees,
          cheibrodos_sewer_entry_drain, uniq_duvessa, uniq_robin

Skill      XL: |  1  2  3  4  5  6  7 |
---------------+----------------------+-----
Dodging        | 1 2 3 |  3.7
Axes           | 3 5 6 7 8 |  8.1
Fighting       | 4 |  4.8
Armour         | 4 5 |  5.0
Stealth        | |  0.2
Shields        | |  3.6

Action                   |  1- 3 |  4- 6 |  7- 9 || total
-------------------------+-------+-------+-------++-------
Melee: War axe           |   116 |   126 |    40 ||   282
       Headbutt          |     9 |    17 |     5 ||    31
  Eat: Chunk             |     3 |     4 |       ||     7
Armor: Scale mail        |    60 |    50 |    18 ||   128
Dodge: Dodged            |    43 |    51 |     6 ||   100
Block: Shield            |    82 |    74 |    24 ||   180
